 Dungeon Crawl Stone Soup version 0.29.0-11-gd7f09526c8 (webtiles) character file.

Game seed: 15922488404130253942

4 Gabide the Trooper (level 1, 0/18 HPs)
             Began as a Formicid Berserker on Sept 3, 2022.
             Was a Follower of Trog.
             Slain by a kobold
             ... wielding a +0 short sword
              (3 damage)
             ... on level 1 of the Dungeon.
             The game lasted 00:01:02 (308 turns).

Gabide the Trooper (Formicid Berserker)              Turns: 308, Time: 00:01:02

Health: 0/18       AC:  2    Str: 21    XL:     1   Next: 77%
Magic:  1/1        EV: 12    Int:  6    God:    Trog [*.....]
Gold:   12         SH:  0    Dex: 13    Spells: 0/0 levels left

rFire   . . .      SeeInvis +   a - +0 mace
rCold   . . .      Faith    .   (no shield)
rNeg    . . .      Spirit   .   b - +0 animal skin
rPois   .          Reflect  .   (helmet unavailable)
rElec   .          Harm     .   (no cloak)
rCorr   .          Rampage  .   (no gloves)
Will    .....                   (no boots)
Stlth   +.........              (no amulet)
HPRegen 0.06/turn               (no ring)
MPRegen 0.07/turn               (no ring)

@: no status effects
A: permanent stasis, dig shafts and tunnels, antennae 3, four strong arms
a: Dig, Shaft Self, Renounce Religion


You were on level 1 of the Dungeon.
You worshipped Trog.
Trog was aware of your devotion.
You visited 1 branch of the dungeon, and saw 1 of its levels.

You collected 12 gold pieces.

Inventory:

Hand Weapons
 a - a +0 mace (weapon)
Armour
 b - a +0 animal skin (worn)
Scrolls
 c - a scroll of enchant weapon
 d - 3 scrolls of identify
 e - a scroll of teleportation {unknown}
 f - a scroll of torment {unknown}


   Skills:
 * Level 3.4 Fighting
 * Level 3.1 Maces & Flails
 - Level 2.1 Armour
 + Level 1.8 Dodging


You couldn't memorise any spells.
You didn't know any spells.
Your spell library was empty.

Dungeon Overview and Level Annotations

Branches:
Dungeon (1/15)

Altars:


Innate Abilities, Weirdness & Mutations

You cannot be hasted, slowed, berserked, paralysed or teleported.
You can dig through walls and to a lower floor.
You have a pair of large antennae on your head. (SInv)
Your four strong arms can wield two-handed weapons with a shield.


Message History

The kobold is severely wounded.
You barely miss the kobold.
The kobold is severely wounded.
The jackal bites you. The jackal misses you. The kobold barely misses you. x2
The jackal bites you. The jackal misses you.
You hit the kobold but do no damage.
The kobold is severely wounded.
The jackal bites you.
The jackal bites you but does no damage.
The kobold hits you with a +0 dagger. The kobold completely misses you.
The jackal barely misses you.
You hit the kobold.
You kill the kobold!
Trog accepts your kill. The jackal misses you.
The kobold hits you with a +0 short sword.
The jackal closely misses you. The jackal barely misses you.
The kobold hits you but does no damage. The kobold barely misses you.
Things that are here:
a +0 dagger; a kobold corpse The jackal attacks as you move away!
The jackal bites you.
* * * LOW HITPOINT WARNING * * *
You aren't carrying any potions.
You barely miss the jackal. The jackal closely misses you.
The jackal barely misses you.
You hit the jackal but do no damage. The jackal closely misses you.
You barely miss the jackal.
The jackal bites you but does no damage.
The jackal barely misses you.
You hit the jackal.
The jackal is almost dead.
The jackal bites you.
* * * LOW HITPOINT WARNING * * *
The jackal completely misses you.
You hit the jackal.
You kill the jackal!
Trog accepts your kill.
The kobold hits you with a +0 short sword.
You die...

...~~~≈≈~.<##..
.....~≈~~..##.#
...
#......~~..##.#
...
###........##.# ..
###......##.# .. .
###....##.####. ..
###..##.##.. ...
#####.##.# ....
#.....##@# .....
#.....##K#......
#.....##gh......
####...........###
#....
#...†..........#
#....
#..............#
#....
#..............#
#....
#....###########
##... #.[..#####
.. #....


You could see a jackal, a hobgoblin and a kobold.

Vanquished Creatures
  A dart slug (D:1)
  A hobgoblin (D:1)
  A jackal (D:1)
  A kobold (D:1)
4 creatures vanquished.

Notes
Turn   | Place    | Note
-------+----------+-------------------------------------------
     0 | D:1      | Gabide the Formicid Berserker began the quest for the Orb.
     0 | D:1      | Reached XP level 1. HP: 18/18 MP: 1/1
   308 | D:1      | Slain by a kobold

Illustrated notes

Levels and vault maps discovered:
D:1:      lemuel_arrival_funnel, layout_basic, minivault_25

Action                   || total
-------------------------++-------
Melee: Mace              ||    17
  Use: Scroll            ||     1
Armor: Animal skin       ||     3
Dodge: Dodged            ||    22
